Map: Daybreak LE (Void)

Players

Fropez - Winner!

  • Race: Protoss Protoss
  • League: Gold
  • Spawn Location: 1:00

A.I. 1 (Easy)

  • Race: Protoss Protoss
  • Spawn Location: 7:00

VOD

Have the link to the VOD?

Description

Time

  • Played on: Dec. 12, 2016, 6:57 p.m.
  • Length: 3:18
Show
View Real Time Build Order
Export as new Build Order

Fropez Protoss - Winner!

Build Orders:  

Get SALT Encoding   

  12  0:00  Probe (Chrono Boost)  
  13  0:11  Probe (Chrono Boost)  
  14  0:20  Pylon  
  14  0:22  Probe (Chrono Boost)  
  15  0:39  Probe (Chrono Boost)  
  15  0:40  Gateway  
  16  0:49  Probe (Chrono Boost)  
  17  0:51  Assimilator  
  17  0:58  Pylon  
  17  1:11  Pylon  
  17  1:16  Forge  
  17  1:19  Probe (Chrono Boost)  
  18  1:29  Probe (Chrono Boost)  
  19  1:40  Probe (Chrono Boost)  
  20  1:51  Photon Cannon  
  20  1:54  Pylon  
  20  1:59  Photon Cannon  
  20  2:04  Photon Cannon  
  20  2:15  Photon Cannon  
  20  2:17  Probe (Chrono Boost)  
  21  2:30  Photon Cannon  
  20  2:53  Nexus  
  20  3:06  Cybernetics Core  
  20  3:07  Probe (Chrono Boost)  
Show
View Real Time Build Order
Export as new Build Order

A.I. 1 (Easy) Protoss 

Build Orders:  

Get SALT Encoding   

  12  0:01  Probe (Chrono Boost)  
  13  0:11  Probe (Chrono Boost)  
  14  0:21  Pylon  
  14  0:22  Probe (Chrono Boost)  
  15  0:39  Probe (Chrono Boost)  
  16  0:43  Assimilator  
  16  0:49  Gateway  
  16  0:53  Pylon  
  16  1:29  Assimilator  
  16  1:35  Zealot  
  19  1:47  Probe (Chrono Boost)  
  19  1:52  Cybernetics Core  
  20  2:01  Probe (Chrono Boost)  
  20  2:09  Pylon  
  20  2:12  Probe (Chrono Boost)  
  22  2:23  Probe (Chrono Boost)  
  22  2:24  Zealot  
  21  2:34  Probe (Chrono Boost)  
  15  2:46  Probe (Chrono Boost)  
  11  2:57  Probe (Chrono Boost)  
  8  3:06  Pylon  
Tags
 
League
Gold
Matchup
PvP
Replay Pack
All Mines
Spawn Locations
Cross Positions
Add a new tag
Caveats
  • Supply blocks, unpowered buildings, or Contaminate may cause inaccurate times.
  • Supply counts are checked every 10 seconds.